 Dungeon Crawl Stone Soup version 0.28.0-45-g0d030f2227 (webtiles) character file.

Game seed: 18391359104737397943

213 zeratav the Insei (level 5, 0/35 HPs)
             Began as an Octopode Transmuter on Apr 10, 2022.
             Splashed by a jelly's acid (7 damage)
             ... on level 3 of the Dungeon.
             The game lasted 00:03:19 (3238 turns).

zeratav the Insei (Octopode Transmuter)             Turns: 3238, Time: 00:03:20

Health: 0/35       AC: -3    Str:  9    XL:     5   Next: 90%
Magic:  7/8        EV: 14    Int: 15    God:
Gold:   126        SH:  0    Dex: 15    Spells: 7/8 levels left

rFire   . . .      SeeInvis .     - Unarmed
rCold   . . .      Faith    .   (no shield)
rNeg    . . .      Spirit   .   (helmet restricted)
rPois   .          Reflect  .   (no amulet)
rElec   .          Harm     .   (no ring)
rCorr   .          Rampage  .   (no ring)
Will    .....                   (no ring)
Stlth   +++.......              (no ring)
HPRegen 0.11/turn               (no ring)
MPRegen 0.11/turn               (no ring)
                                (no ring)
                                (no ring)

@: corroded, very slightly contaminated
A: almost no armour, amphibious, 8 rings, camouflage 1, gelatinous body 1,
(nimble swimmer 1), tentacles
a: no special abilities


You were on level 3 of the Dungeon.
You visited 1 branch of the dungeon, and saw 3 of its levels.

You collected 126 gold pieces.


Innate Abilities, Weirdness & Mutations

You cannot wear most types of armour.
You are amphibious.
You can wear up to eight rings at the same time.
Your skin changes colour to match your surroundings (Stealth+).
Your rubbery body absorbs attacks. (AC +1, EV +1)
((You are camouflaged when in or above water. (Stealth+)))
You have tentacles for arms and can constrict up to eight enemies at once.


   Skills:
 + Level 2.5 Fighting
 + Level 3.1 Dodging
 + Level 3.4 Stealth
 * Level 4.6 Unarmed Combat
 - Level 2.0 Spellcasting
 - Level 2.0 Transmutations


You had 7 spell levels left.
You knew the following spells:

 Your Spells              Type           Power      Damage    Failure   Level
a - Beastly Appendage     Tmut           14%        N/A       10%         1

Your spell library contained the following spells:

 Spells                   Type           Power      Damage    Failure   Level
 Wereblood                Tmut           7%         N/A       14%         2
 Foxfire                  Conj/Fire      4%         2x1d4     22%         1
 Corpse Rot               Necr/Air       2%         N/A       32%         2
 Poisonous Vapours        Pois/Air       2%         N/A       32%         2
 Spider Form              Tmut/Pois      4%         N/A       41%         3
 Conjure Flame            Conj/Fire      1%         6-21      54%         3
 Inner Flame              Hex/Fire       1%         N/A       54%         3
 Ice Form                 Ice/Tmut       4%         N/A       82%         4
 Flame Wave               Conj/Fire      1%         2d4       91%         4

Inventory:

Scrolls
 a - 3 scrolls of enchant weapon {unknown}
 b - 2 scrolls of identify {unknown}
 e - a scroll of amnesia {unknown}
Potions
 c - a potion of ambrosia {unknown}
 d - a potion of mutation {unknown}
 f - a potion of flight {unknown}

Dungeon Overview and Level Annotations

Branches:
Dungeon (3/15)

Altars:

Shops:
D:2 *

Annotations:
D:2 Sigmund

#......#........... #
#......#........... .B
##.###..#.......8..8
...##..##.†.#........†..
............#...........
....#.##....#.......8..8
.........##.#...........
........###.#...........
#...#.#@.##.##..........
#.# #.##J##..##.........
. . ..##. ##........ #.
#... ##....... . ##..
##....). .. .... #######
... ## ## .. ..


You could see a jelly.


Message History

Your hp is fully restored (35).
You now have 102 gold pieces (gained 18).
You now have 107 gold pieces (gained 5).
You now have 117 gold pieces (gained 10).
You now have 126 gold pieces (gained 9).
You see here a +0 dagger {short}.
There is a large open door here.
There is an escape hatch in the ceiling here.
Found a stone staircase leading up.
An adder comes into view.
An adder is nearby!
One of your tentacles grows a vicious spike.
MP[-1]
You lost 1 mp, and now have 7/8 mp.
The adder bites you.
You are poisoned.
The adder poisons you!
HP[-3]
You take 3 damage, and now have 32/35 hp.
You barely miss the adder. Your grab misses the adder.
You feel sick. The adder bites you but does no damage.
A giant cockroach comes into view.
The adder bites you.
HP[-4]
You take 4 damage, and now have 28/35 hp.
You tentacle-slap the adder but do no damage.
Your grab misses the adder. The adder bites you.
HP[-1] MP[+1]
You take 1 damage, and now have 27/35 hp.
Your mp is fully restored (8).
You closely miss the adder. You grab the adder. You constrict the adder.
You feel sick. The adder closely misses you.
HP[-1]
You take 1 damage, and now have 26/35 hp.
You tentacle-slap the adder.
Your tentacle spike disappears.
You constrict the adder.
You feel sick. The adder barely misses you.
HP[-1]
You take 1 damage, and now have 25/35 hp.
You tentacle-slap the adder but do no damage.
You constrict the adder.
You feel sick. The adder misses you.
HP[-1]
You take 1 damage, and now have 24/35 hp.
You tentacle-slap the adder.
You kill the adder!
You feel sick.
You are no longer poisoned.
Found an escape hatch in the floor.
The giant cockroach closely misses you.
You tentacle-slap the giant cockroach. Your grab misses the giant cockroach.
Your squeeze misses the giant cockroach.
The giant cockroach barely misses you.
You bludgeon the giant cockroach!
You kill the giant cockroach!
No target in view!
No target in view!
No target in view!
No target in view!
No target in view!
No target in view!
No target in view!
No target in view!
No target in view!
No target in view!
No target in view!
No target in view!
No target in view!
No target in view!
No target in view!
No target in view!
No target in view!
No target in view!
You see here a giant cockroach corpse.
A giant cockroach and a jelly come into view.
HP[+11]
Your hp is fully restored (35).
You miscast Beastly Appendage.
You are very lightly contaminated with residual magic.
Nothing appears to happen.
MP[-1]
You lost 1 mp, and now have 7/8 mp.
The helpless jelly fails to defend itself.
You tentacle-slap the jelly.
Your tentacles burn!
The jelly hits you. The acid corrodes you!
You are splashed with acid.
HP[-8]
You take 8 damage, and now have 27/35 hp.
MASSIVE DAMAGE!! (PAUSE)
You tentacle-slap the jelly.
Your tentacles burn!
The jelly hits you.
You are splashed with acid!
* * * LOW HITPOINT WARNING * * *
HP[-12]
You take 12 damage, and now have 15/35 hp.
MASSIVE DAMAGE!! (PAUSE)
You tentacle-slap the jelly.
Your tentacles burn!
* * * LOW HITPOINT WARNING * * *
You tentacle-slap the jelly.
Your tentacles burn!
* * * LOW HITPOINT WARNING * * *
The jelly hits you.
* * * LOW HITPOINT WARNING * * *
You are splashed with acid!
You die...

Skill      XL: |  1  2  3  4 |
---------------+-------------+-----
Stealth        | 1 2 3 |  3.4
Fighting       | 2 |  2.5
Unarmed Combat | 4 |  4.6
Dodging        | 3 |  3.1
Spellcasting   | |  2.0
Transmutations | |  2.0

Action                   |  1- 3 |  4- 6 || total
-------------------------+-------+-------++-------
Melee: Unarmed           |    65 |    59 ||   124
       Kick              |    21 |    17 ||    38
       Constrict         |    15 |    13 ||    28
       Tentacles         |    12 |    11 ||    23
       Punch             |     1 |       ||     1
 Cast: Beastly Appendage |    22 |    13 ||    35
 Stab: Sleeping          |     4 |     6 ||    10
Armor: Skin              |    12 |     6 ||    18
Dodge: Dodged            |    43 |    30 ||    73

Levels and vault maps discovered:
D:1:      psy_arrival_heroes, layout_basic, basic_ecumenical_altar
D:2:      layout_rooms, serial_shops, nicolae_square_shop, uniq_sigmund,
          uniq_terence
D:3:      kennysheep_big_flooded_room, layout_rooms, wad_floor_pattern_untrapped

Notes
Turn   | Place    | Note
-------+----------+-------------------------------------------
     0 | D:1      | zeratav the Octopode Transmuter began the quest for the
                  | Orb.
     0 | D:1      | Reached XP level 1. HP: 13/13 MP: 3/3
     0 | D:1      | magus.rc [v1.9.6]
    88 | D:1      | Found a faded altar of an unknown god.
   108 | D:1      | HP: 3/13 [quokka (2)]
   361 | D:1      | Reached XP level 2. HP: 14/18 MP: 3/5
   525 | D:1      | Reached skill level 1 in Stealth
  1365 | D:1      | You pick up a book of Flames and begin reading...
  1365 | D:1      | You add the spells Foxfire, Conjure Flame, Inner Flame and
                  | Flame Wave to your library.
  1512 | D:2      | Noticed Terence
  1523 | D:1      | HP: 3/18 [Terence/+0 mace (9)]
  1524 | D:1      | Killed Terence
  1525 | D:1      | Reached XP level 3. HP: 4/24 MP: 6/6
  1823 | D:2      | Reached skill level 2 in Stealth
  1895 | D:2      | Found Latus's Assorted Antiques.
  1912 | D:2      | Reached XP level 4. HP: 29/29 MP: 5/7
  1987 | D:2      | You pick up a book of Vapours and begin reading...
  1987 | D:2      | You add the spells Poisonous Vapours and Corpse Rot to your
                  | library.
  2268 | D:2      | Reached skill level 2 in Fighting
  2325 | D:2      | Reached skill level 4 in Unarmed Combat
  2508 | D:2      | Noticed Sigmund
  2546 | D:3      | Noticed a necrophage
  2554 | D:3      | Killed a necrophage
  2555 | D:3      | Reached skill level 3 in Dodging
  2555 | D:3      | Reached skill level 3 in Stealth
  2555 | D:3      | Reached XP level 5. HP: 15/35 MP: 6/8
  3238 | D:3      | HP: 7/35 [jelly (2)]
  3238 | D:3      | Splashed by a jelly's acid

Vanquished Creatures
  A necrophage (D:3)
  Terence (D:1)
  4 adders
  3 worms
  A dart slug (D:3)
  An orc (D:3)
  4 endoplasms
  3 giant cockroaches
  5 goblins
  5 hobgoblins
  3 jackals (D:1)
  3 quokkas
  6 ball pythons
  4 bats
  4 frilled lizards
  A kobold (D:1)
  4 rats
53 creatures vanquished.

Table legend:
 A = Non-vault XP
 B = Vault XP
 C = Vault XP percentage of total XP
 D = Non-vault monster count
 E = Vault monster count
 F = Vault count percentage of total count
                 A         B        C        D         E       F
            +---------+---------+-------+---------+---------+-------
      Total |     265 |      40 |  13.1 |      50 |       3 |   5.7
            +---------+---------+-------+---------+---------+-------
        D:1 |      33 |      36 |  52.2 |      20 |       1 |   4.8
        D:2 |      74 |       0 |   0.0 |      19 |       0 |   0.0
        D:3 |     158 |       4 |   2.5 |      11 |       2 |  15.4
            +---------+---------+-------+---------+---------+-------

Illustrated notes

Table legend:
 A = Kills in this place as a percentage of kills in entire the game.
 B = Kills by you in this place as a percentage of kills by you in the entire game.
 C = Kills by friends in this place as a percentage of kills by friends in the entire game.
 D = Other kills in this place as a percentage of other kills in the entire game.
 E = Experience gained in this place as a percentage of experience gained in the entire game.
 F = Experience gained in this place divided by the number of levels of this place that you have seen.
                   A       B       C       D       E      F
               +-------+-------+-------+-------+-------+----------------------
         Total | 100.0 | 100.0 |   N/A |   N/A | 100.0 | 101.7
       Dungeon | 100.0 | 100.0 |   N/A |   N/A | 100.0 | 101.7
               +-------+-------+-------+-------+-------+----------------------

Table legend: (Time is in decaauts)
 A = Elapsed time spent in this place.
 B = Non-inter-level travel time spent in this place.
 C = Inter-level travel time spent in this place.
 D = Time resting spent in this place.
 E = Time spent auto-exploring this place.
 F = Levels seen in this place.
 G = Mean time per level.
                   A        B        C        D        E       F      G
               +--------+--------+--------+--------+--------+-----+--------+
         Total |   3230 |   3151 |     79 |    248 |   2533 |   3 | 1076.7 |
       Dungeon |   3230 |   3151 |     79 |    248 |   2533 |   3 | 1076.7 |
               +--------+--------+--------+--------+--------+-----+--------+

Top non-repeatable levels by time:
     D:1: 1768 daAuts
     D:2: 771 daAuts
     D:3: 690 daAuts
